 Dungeon Crawl Stone Soup version 0.29.1-1-gd02db6906a (webtiles) character file.

Game seed: 4893937801751208991

12546 RogueRain17 the Reanimator (level 11, -8/108 HPs)
             Began as a Demonspawn Gladiator on Sept 16, 2022.
             Was a Believer of Ashenzari.
             Mangled by a spriggan rider
             ... wielding a +0 spear
              (19 damage)
             ... on level 1 of the Lair of Beasts.
             The game lasted 01:05:15 (10566 turns).

RogueRain17 the Reanimator (Demonspawn Gladiator)  Turns: 10566, Time: 01:05:16

Health: -8/108     AC: 25    Str: 18    XL:     11   Next: 63%
Magic:  11/11      EV:  2    Int: 11    God:    Ashenzari [**....]
Gold:   659        SH:  0    Dex: 14    Spells: 10/10 levels left

rFire   x . .      SeeInvis +   z - +8 mace "Plog" {pain, rF- Will+ rCorr}
rCold   . . .      Faith    .   (no shield)
rNeg    . . .      Spirit   .   (body armour currently unavailable)
rPois   +          Reflect  .   (helmet currently unavailable)
rElec   .          Harm     .   (cloak currently unavailable)
rCorr   +          Rampage  .   (gloves currently unavailable)
Will    +....      NoTele   +   (boots currently unavailable)
Stlth   +.........              y - amulet "Share My Bitterness" {Regen+, Cun, Alch} (curse)
HPRegen 1.08/turn               (no ring)
MPRegen 0.12/turn               (no ring)

@: tree-form, studying Necromancy
A: stationary, stasis, torment immunity, boosted hp, (claws 2), ignite blood 3,
(sanguine armour 2)
a: Renounce Religion, Shatter the Chains


You were on level 1 of the Lair of Beasts.
You worshipped Ashenzari.
Ashenzari was pleased with you.
You were a tree.
You visited 2 branches of the dungeon, and saw 12 of its levels.
You also visited: Sewer.

You collected 659 gold pieces.

Inventory:

Hand Weapons
 a - a +1 war axe of freezing
 u - a +2 morningstar of distortion
 z - the +8 mace "Plog" (weapon) {pain, rF- Will+ rCorr}
   (You found it on level 3 of the Dungeon)

   In the hands of one skilled in necromantic magic, it inflicts extra damage on
   living creatures.
   rF:        It makes you vulnerable to fire.
   rCorr:     It protects you from acid and corrosion.
   Will:      It increases your willpower.
Missiles
 d - 3 throwing nets
 f - 5 silver boomerangs (quivered)
Armour
 c - the cursed +0 helmet "Gloom of the Bound Seer" (melded) {Comp, Cun}

   It has a curse which improves the following skills: Companions: Summonings
   and Necromancy.
   Cunning:   Dodging and Stealth.
 e - the +1 ring mail "Baetush" (melded) {Rampage rPois}
   (You found it on level 4 of the Dungeon)

   rPois:     It protects you from poison.
   Rampage:   It bestows one free step when moving towards enemies.
 q - the +1 ring mail of Honesty {+Inv rC+ rN+ Stlth+}
   (You found it on level 9 of the Dungeon)

   rC:        It protects you from cold.
   rN:        It protects you from negative energy.
   +Inv:      It lets you turn invisible.
   Stlth:     It makes you more stealthy.
 B - the cursed +0 pair of boots "Unveiling Loss" (melded) {Melee, Cun}
   (You found it on level 9 of the Dungeon)

   It has a curse which improves the following skills: Melee Combat: Short
   Blades, Long Blades, Axes, Maces & Flails, Polearms, Staves and Unarmed
   Combat.
   Cunning:   Dodging and Stealth.
 D - the cursed +0 cloak "Pangnostic Gloom" (melded) {Range, Melee}
   (You took it off Maurice on level 9 of the Dungeon)

   It has a curse which improves the following skills: Ranged Combat: Ranged
   Weapons and Throwing.
   Melee Combat: Short Blades, Long Blades, Axes, Maces & Flails, Polearms,
   Staves and Unarmed Combat.
Jewellery
 y - the cursed amulet "Share My Bitterness" (around neck) {Regen+, Cun, Alch}
   (You found it on level 3 of the Dungeon)

   [amulet of regeneration]

   Regen:     It increases your rate of health regeneration.
   It has a curse which improves the following skills: Cunning: Dodging and
   Stealth.
   Alchemy:   Poison Magic and Transmutations.
Wands
 g - a wand of digging (3)
 j - a wand of roots (7)
 n - a wand of charming (6)
Scrolls
 i - a scroll of silence
 o - a scroll of poison
 p - a scroll of immolation
 s - 3 scrolls of teleportation
 t - 2 scrolls of enchant armour
Potions
 b - a potion of haste
 h - 3 potions of attraction
 k - 6 potions of mutation
 l - 5 potions of curing
 m - a potion of heal wounds
 r - a potion of flight
 v - 4 potions of might
 w - a potion of resistance


   Skills:
 - Level 2.0 Fighting
 - Level 4.6(8.5) Axes
 * Level 11.1(11.5) Maces & Flails
 - Level 3.1 Throwing
 + Level 4.4 Armour
 + Level 8.8(10.1) Dodging
 + Level 11.3 Necromancy


You had 10 spell levels left.
You didn't know any spells.
Your spell library contained the following spells:

 Spells                   Type           Power      Damage    Failure   Level
 Necrotise                Necr           100%       1d9       1%          1
 Sandblast                Erth           0%         2d4       34%         1
 Summon Small Mammal      Summ           0%         N/A       34%         1
 Death Channel            Necr           12%        N/A       45%         6
 Passwall                 Tmut/Erth      0%         N/A       47%         2
 Corpse Rot               Necr/Pois/Air  8%         N/A       58%         4
 Borgnjor's Vile Clutch   Necr/Erth      6%         N/A       67%         5
 Call Canine Familiar     Summ           0%         N/A       71%         3
 Stone Arrow              Conj/Erth      0%         3d7       71%         3
 Summon Guardian Golem    Hex/Summ       0%         N/A       71%         3
 Blade Hands              Tmut           0%         N/A       100%        5
 Irradiate                Conj/Tmut      0%         3d11      100%        5
 Dragon Form              Tmut           0%         N/A       100%        7


Dungeon Overview and Level Annotations

Branches:
Dungeon (11/15)            Temple (0/1) D:6            Lair (1/5) D:10
    Orc (0/2) D:9           Sewer (visited)

Altars:
Ashenzari
Nemelex Xobeh
Okawaru
Ru
Sif Muna
Yredelemnul

Shops:
D:9 (

Annotations:
D:4 exclusion: ice beast
D:8 2 transporters, elisander's ghost, novice DsAK
D:11 Erolcha


Innate Abilities, Weirdness & Mutations

You are a tree.
Your roots penetrate the ground, keeping you stationary.
You cannot be teleported.
You are immune to unholy pain and torment.
Your maximum health is greatly increased.
Your equipment is partially melded.
((You have very sharp fingernails.))
Your demonic aura causes all spilled blood to erupt in flames.
((When seriously injured, your blood forms thick armour. (AC +0)))


Message History

The wolf is moderately wounded.
The wolf bites you but does no damage. x2
The spriggan rider hits you from afar with a +0 spear.
The wolf bites you but does no damage.
You closely miss the wolf.
The wolf is moderately wounded.
The wolf bites you but does no damage. x2
The spriggan rider hits you but does no damage.
You hit the wolf but do no damage.
The wolf writhes in agony!
The wolf is severely wounded.
The wolf bites you.
The wolf bites you but does no damage. x2
You barely miss the wolf.
The wolf is severely wounded.
The wolf bites you but does no damage.
The spriggan rider hits you but does no damage.
The wolf bites you. The wolf bites you but does no damage.
You closely miss the wolf.
The wolf is severely wounded.
The wolf bites you. The wolf bites you but does no damage.
The spriggan rider hits you from afar with a +0 spear.
The wolf bites you but does no damage. x3
You sock the wolf!
You kill the wolf!
The wolf bites you but does no damage.
The spriggan rider hits you from afar with a +0 spear!
* * * LOW HITPOINT WARNING * * *
The wolf bites you but does no damage. x2
You hit the wolf.
The wolf writhes in agony!
The wolf is severely wounded.
The wolf bites you.
* * * LOW HITPOINT WARNING * * *
The wolf bites you but does no damage.
The spriggan rider hits you but does no damage.
You hit the wolf.
The wolf writhes in agony.
You kill the wolf!
The wolf bites you!
* * * LOW HITPOINT WARNING * * *
The wolf bites you but does no damage.
The spriggan rider hits you from afar with a +0 spear!!
You die...

##...#.......#. , ,
#...#............ ..... ,
#...............# ..h.
##...#.......P...P ... , ,
P#...#.......PP... ,,,.h ,
.....#.......P...# ###.#* ,
......###.#PP#...###.#.####♣.
#...........P...††..†††.....♣
~#..............♣☼i..†.).h..♣
, ,
~~~............h†.........h.♣
~......................$.h...
~...................#####....
~.##...###..#......#.........
~.....#..##.#......#.........
.....##.................#.. .
, ##...##....#P......#......,
, #....##....##......#....#..


You could see a spriggan rider and a wolf.

Vanquished Creatures
  4 two-headed ogres
  Maurice (D:9)
  Psyche (D:10)
  2 trolls (D:10)
  2 hornets
  3 slime creatures (D:9)
  Sigmund (D:2)
  9 yaks
  A wraith (D:9)
  3 vampire mosquitoes (D:10)
  A steam dragon (D:7)
  6 water moccasins
  4 ice beasts
  An orc warrior (D:8)
  3 black bears
  16 wolves (Lair:1)
  2 ogres
  2 centaurs
  3 kobold brigands
  3 bullfrogs
  Blork the orc (D:5)
  A scorpion (D:10)
  5 necrophages
  3 gnoll sergeants
  14 wights
  7 killer bees
  3 howler monkeys (D:10)
  2 electric eels
  4 hounds
  4 orc priests
  A gnoll bouda (D:6)
  3 jellies
  5 iguanas
  8 orc wizards
  19 gnolls
  19 adders
  4 river rats (Sewer)
  An ufetubus (D:3)
  3 worms
  2 dart slugs
  21 orcs
  5 bats
  13 endoplasms
  5 giant cockroaches
  3 goblins
  5 hobgoblins
  8 jackals
  28 kobolds
  5 quokkas
  6 ball pythons
  6 frilled lizards
  20 rats
302 creatures vanquished.

Vanquished Creatures (others)
  39 fungi (D:10)
  34 plants
73 creatures vanquished.

Grand Total: 375 creatures vanquished

Notes
Turn   | Place    | Note
-------+----------+-------------------------------------------
     0 | D:1      | RogueRain17 the Demonspawn Gladiator began the quest for
                  | the Orb.
     0 | D:1      | Reached XP level 1. HP: 16/16 MP: 1/1
   324 | D:1      | Gained mutation: Your demonic aura sometimes causes spilled
                  | blood to erupt in flames. [demonic ancestry]
   324 | D:1      | Reached XP level 2. HP: 22/22 MP: 2/2
   549 | D:1      | Found a faded altar of an unknown god.
   891 | D:2      | Gained mutation: Your demonic aura often causes spilled
                  | blood to erupt in flames. [demonic ancestry]
   891 | D:2      | Reached XP level 3. HP: 27/27 MP: 3/3
   896 | D:2      | Noticed Sigmund
   904 | D:2      | Killed Sigmund
   905 | D:2      | Gained mutation: You have sharp fingernails. [demonic
                  | ancestry]
   905 | D:2      | Reached XP level 4. HP: 27/33 MP: 4/4
   905 | D:2      | Gained mutation: You have very sharp fingernails. [demonic
                  | ancestry]
   905 | D:2      | Reached XP level 5. HP: 31/38 MP: 5/5
  1898 | D:3      | Identified the +8 mace "Plog" {pain, rF- Will+ rCorr}
  2152 | D:3      | Gained mutation: When seriously injured, your blood forms
                  | armour. (AC +0) [demonic ancestry]
  2152 | D:3      | Reached XP level 6. HP: 41/44 MP: 6/6
  2658 | D:3      | Reached skill level 1 in Maces & Flails
  2854 | D:3      | Found a sacrificial altar of Ru.
  2989 | D:3      | Reached skill level 1 in Necromancy
  3443 | D:4      | Noticed an ice beast
  3663 | D:4      | Found an iron altar of Okawaru.
  3967 | D:4      | Reached XP level 7. HP: 33/50 MP: 7/7
  4113 | D:4      | Identified the +1 ring mail "Baetush" {Rampage rPois}
  4142 | D:4      | Found a shimmering blue altar of Sif Muna.
  4245 | D:4      | Found a broken altar of Ashenzari.
  4507 | D:4      | Became a worshipper of Ashenzari the Shackled
  4526 | D:5      | Entered Level 5 of the Dungeon
  4618 | D:5      | Found a sparkling altar of Nemelex Xobeh.
  4975 | D:5      | Reached skill level 5 in Dodging
  5017 | D:5      | Gained mutation: Your demonic aura causes all spilled blood
                  | to erupt in flames. [demonic ancestry]
  5017 | D:5      | Reached XP level 8. HP: 53/56 MP: 8/8
  5165 | D:5      | Reached skill level 5 in Maces & Flails
  5313 | D:5      | Got Xinn's Teachings on Profane Deeds
  5548 | D:5      | Noticed Blork the orc
  5554 | D:5      | Killed Blork the orc
  6164 | D:6      | Reached skill level 5 in Necromancy
  6191 | D:6      | Found a glowing drain.
  6235 | D:6      | Gained mutation: When seriously injured, your blood forms
                  | thick armour. (AC +0) [demonic ancestry]
  6235 | D:6      | Reached XP level 9. HP: 24/61 MP: 9/9
  6252 | Sewer    | Entered a sewer
  6433 | Sewer    | Reached * piety under Ashenzari
  6821 | D:6      | Identified a scroll of acquirement
  6868 | D:6      | Found a staircase to the Ecumenical Temple.
  7532 | D:7      | Acquired a manual of Necromancy
  7675 | D:8      | Found a transporter.
  7681 | D:8      | Found a transporter.
  7683 | D:8      | Noticed elisander's ghost (novice DsAK)
  7857 | D:8      | Found a basalt altar of Yredelemnul.
  7860 | D:8      | Reached XP level 10. HP: 52/67 MP: 10/10
  8365 | D:9      | Noticed Maurice
  8397 | D:9      | Killed Maurice
  8467 | D:9      | Noticed a two-headed ogre
  8476 | D:9      | Killed a two-headed ogre
  8477 | D:9      | Reached skill level 1 in Armour
  8633 | D:9      | Found Utibe's Hydra Hut.
  8638 | D:9      | Noticed a seven-headed hydra
  8698 | D:9      | Found a staircase to the Orcish Mines.
  9004 | D:9      | Noticed a two-headed ogre
  9010 | D:9      | Killed a two-headed ogre
  9011 | D:9      | Reached skill level 10 in Maces & Flails
  9102 | D:9      | Identified the +1 ring mail of Honesty {+Inv rC+ rN+
                  | Stlth+}
  9257 | D:10     | Entered Level 10 of the Dungeon
  9334 | D:10     | Reached XP level 11. HP: 68/72 MP: 11/11
  9376 | D:10     | Reached skill level 10 in Necromancy
  9377 | D:10     | Noticed Psyche
  9385 | D:10     | Killed Psyche
  9413 | D:10     | Noticed a two-headed ogre
  9429 | D:10     | Noticed a two-headed ogre
  9433 | D:10     | Killed a two-headed ogre
  9439 | D:10     | Killed a two-headed ogre
  9554 | D:10     | Noticed a tengu warrior
  9572 | D:10     | Noticed a seven-headed hydra
  9572 | D:10     | Noticed a centaur warrior
  9573 | D:10     | Noticed a centaur warrior
  9591 | D:10     | Noticed an ogre mage
  9640 | D:10     | Found a staircase to the Lair.
  9961 | D:9      | Reached ** piety under Ashenzari
  9992 | D:10     | Noticed a death knight
 10055 | D:11     | Noticed Erolcha
 10091 | Lair:1   | Entered Level 1 of the Lair of Beasts
 10552 | Lair:1   | Noticed a spriggan rider
 10566 | Lair:1   | Mangled by a spriggan rider

Illustrated notes

Levels and vault maps discovered:
D:1:      minmay_arrival_up_and_down, layout_basic,
          dreamdust_ecumenical_altar_angels_and_demons,
          chequers_serial_rivers_small_b, minmay_misc_feat_tower, nrook_campfire
D:2:      layout_loops_ring, uniq_sigmund
D:3:      layout_loops_corners, nicolae_ru_the_path_less_chosen,
          kennysheep_generic_room_15
D:4:      layout_basic, mainiacjoe_overflow_chevrons,
          mainiacjoe_overflow_big_doors, minmay_statues_item
D:5:      layout_basic, mainiacjoe_overflow_24_doors, uniq_blork_the_orc
D:6:      layout_cave_pools, minmay_temple_entry_arrows,
          cheibrodos_sewer_entry_drain
D:7:      layout_basic, serial_bayou, serial_bayou_lake_a, serial_bayou_pond_d,
          serial_bayou_shore_b, serial_bayou_pond_d, serial_bayou_pond_b,
          serial_bayou_pond_a
D:8:      layout_loops_ring, zin_treasury, lemuel_crystal_altar,
          gammafunk_ghost_stat_death, minivault_14
D:9:      layout_loops_cross, orc_0_dummy, minmay_misc_feat_rugged,
          chequers_serial_rivers_micro_e, doesnt_shop_hydraphobe, uniq_maurice
D:10:     layout_basic, due_lair_maze_entry_diamond, minivault_12, uniq_psyche
D:11:     kennysheep_windowed_halls, layout_basic, uniq_erolcha, uniq_harold
Lair:1:   layout_regular_city, nicolae_lair_lil_pond,
          grunt_forest_large_clearings

Skill      XL: |  1  2  3  4  5  6  7  8  9 10 11 |
---------------+----------------------------------+-----
Axes           | 3 4 |  4.6
Throwing       | 2 3 |  3.1
Dodging        | 3 4 5 6 7 8 |  8.8
Maces & Flails | 2 4 6 8 10 11 | 11.1
Necromancy     | 2 3 5 7 9 11 | 11.3
Armour         | 2 4 |  4.4
Fighting       | |  2.0

Action                   |  1- 3 |  4- 6 |  7- 9 | 10-12 || total
-------------------------+-------+-------+-------+-------++-------
Melee: War axe           |    65 |    56 |       |       ||   121
       Mace              |       |    66 |   283 |   220 ||   569
       Punch             |       |     1 |     1 |     2 ||     4
Throw: Throwing net      |       |     1 |     1 |     2 ||     4
       Javelin           |       |       |     1 |       ||     1
       Boomerang         |       |       |       |     8 ||     8
Invok: Curse Item        |       |       |     2 |     2 ||     4
Evoke: Wand              |       |       |    15 |     1 ||    16
  Use: Scroll            |     2 |    10 |     2 |     4 ||    18
       Potion            |       |       |     2 |     2 ||     4
 Stab: Sleeping          |     1 |     1 |       |       ||     2
       Distracted        |       |     1 |       |       ||     1
       Betrayed ally     |       |       |     1 |       ||     1
       Invisible         |       |       |     2 |       ||     2
       Held in net/web   |       |       |     1 |       ||     1
Armor: Leather armour    |    25 |    25 |     5 |       ||    55
       Ring mail         |       |       |    68 |    40 ||   108
       Skin              |       |       |       |    57 ||    57
Dodge: Dodged            |    50 |    85 |   197 |   148 ||   480
